Map: Jagannatha LE

Players

MeomaikA - Winner!

  • Race: Zerg Zerg

TeebuL

  • Race: Protoss Protoss

Event: DreamHack SC2 Masters 2021 Fall

VOD

Have the link to the VOD?

Description

Time

  • Played on: July 30, 2021, 5:47 a.m.
  • Length: 9:08

All games in this series

Show
View Real Time Build Order
Export as new Build Order

MeomaikA Zerg - Winner!

Build Orders: Pool First 

Get SALT Encoding   

  12  0:00  Drone  
  13  0:08  Drone  
  14  0:16  Overlord  
  14  0:23  Extractor, Drone  
  15  0:34  Drone x2  
  17  0:44  Spawning Pool  
  17  0:47  Drone  
  17  1:07  Hatchery  
  17  1:10  Drone  
  17  1:13  Extractor  
  17  1:15  Drone  
  17  1:28  Drone  
  17  1:30  Zergling x2  
  17  1:31  Queen  
  21  1:37  Drone  
  22  1:47  Overlord  
  22  2:06  Drone  
  22  2:07  Queen  
  25  2:10  Drone  
  25  2:15  Metabolic Boost  
  26  2:19  Drone  
  26  2:20  Drone  
  28  2:31  Drone  
  28  2:34  Drone  
  30  2:39  Drone  
  30  2:40  Drone x2  
  30  2:41  Drone  
  34  2:44  Drone  
  35  2:55  Hatchery  
  35  2:56  Overlord  
  34  3:00  Drone  
  34  3:02  Drone  
  36  3:09  Lair  
  36  3:11  Overlord  
  36  3:20  Overlord  
  36  3:21  Extractor  
  36  3:22  Drone  
  36  3:24  Spore Crawler  
  36  3:25  Drone  
  36  3:28  Spore Crawler  
  36  3:31  Drone x2  
  37  3:35  Drone x2  
  37  3:37  Drone  
  37  3:39  Drone  
  40  3:42  Drone  
  40  3:45  Drone x2  
  43  3:50  Drone x2  
  43  3:54  Drone x2  
  47  3:59  Queen  
  49  4:04  Overlord  
  49  4:07  Hydralisk Den  
  49  4:09  Zergling x2  
  49  4:10  Zergling x2  
  49  4:12  Zergling x2  
  49  4:14  Zergling x2  
  49  4:16  Zergling x2  
  53  4:17  Zergling x2  
  53  4:18  Zergling x2  
  53  4:20  Zergling x2  
  53  4:22  Zergling x2  
  57  4:25  Spore Crawler  
  57  4:28  Spore Crawler  
  53  4:33  Drone x4  
  53  4:37  Muscular Augments, Hydralisk  
  61  4:39  Hydralisk  
  61  4:41  Hydralisk  
  65  4:51  Drone  
  65  4:52  Overlord  
  65  4:54  Extractor x2, Queen  
  66  5:00  Overlord  
  66  5:04  Overlord  
  66  5:08  Overlord  
  66  5:10  Queen  
  69  5:14  Drone x6  
  69  5:20  Hydralisk x2  
  78  5:23  Hydralisk  
  78  5:25  Hydralisk  
  82  5:28  Hydralisk  
  82  5:34  Hydralisk x2  
  88  5:38  Hydralisk  
  88  5:39  Hydralisk  
  92  5:46  Hydralisk  
  92  5:48  Queen  
  92  5:49  Overlord  
  96  5:52  Hydralisk  
  96  5:56  Overlord  
  98  5:57  Overlord  
  98  6:00  Overseer  
  98  6:09  Zergling x4  
  98  6:10  Overlord, Grooved Spines  
  100  6:12  Zergling x2  
  102  6:18  Zergling x4  
  102  6:19  Zergling x6  
  102  6:20  Hydralisk x2  
  102  6:24  Zergling x6  
  102  6:25  Zergling x2  
  110  6:26  Hydralisk  
  110  6:27  Zergling x2  
  110  6:28  Zergling x2  
  110  6:29  Zergling x2  
  110  6:30  Zergling x2  
  110  6:32  Zergling x2  
  115  6:36  Zergling x4  
  116  6:41  Hydralisk  
  116  6:45  Queen, Hydralisk x2  
  122  6:51  Hydralisk  
  124  6:58  Drone x2, Baneling Nest  
  124  6:59  Extractor  
  124  7:01  Drone x2  
  126  7:02  Drone  
  126  7:04  Hydralisk  
  129  7:09  Drone  
  130  7:21  Overlord x2  
  130  7:27  Hatchery  
  127  7:30  Hydralisk  
  127  7:31  Overlord  
  127  7:34  Overlord  
  129  7:41  Zergling x14  
  129  7:43  Baneling  
  129  7:44  Baneling x10  
  136  7:48  Zergling x4  
  138  7:51  Queen, Zergling x4  
  138  7:52  Zergling x2  
  138  7:53  Baneling  
  138  7:54  Baneling x2  
  138  7:55  Zergling x2  
  144  8:00  Zergling x2  
  144  8:02  Zergling x8  
  144  8:03  Zergling x2  
  144  8:05  Zergling x6  
  150  8:09  Baneling x4  
  150  8:11  Zergling x2  
  151  8:21  Zergling x2  
  151  8:25  Zergling x2  
  147  8:27  Hydralisk  
  147  8:28  Hydralisk x2  
  147  8:30  Zergling x2  
  147  8:32  Zergling x2  
  147  8:33  Zergling x2  
  151  8:40  Zergling x2  
  151  8:41  Zergling x10  
  146  8:45  Zergling x2  
  146  8:46  Zergling x2  
  135  8:49  Zergling x2  
  129  9:02  Extractor  
Show
View Real Time Build Order
Export as new Build Order

TeebuL Protoss 

Build Orders: 1 Gate Expand, Oracle Opening 

Get SALT Encoding   

  12  0:00  Probe  
  13  0:12  Probe  
  14  0:21  Pylon  
  14  0:24  Probe  
  15  0:39  Gateway, Probe (Chrono Boost)  
  16  0:47  Probe (Chrono Boost)  
  16  0:48  Assimilator  
  17  0:53  Probe  
  18  1:05  Probe  
  19  1:17  Probe  
  20  1:27  Nexus  
  20  1:38  Cybernetics Core  
  20  1:40  Probe  
  20  1:43  Assimilator  
  21  1:52  Probe  
  22  1:55  Pylon  
  22  2:04  Probe  
  22  2:05  Cybernetics Core  
  23  2:11  Stalker (Chrono Boost)  
  25  2:16  Probe (Chrono Boost)  
  25  2:19  Warp Gate  
  26  2:28  Probe (Chrono Boost)  
  27  2:34  Adept, Probe (Chrono Boost)  
  30  2:40  Probe (Chrono Boost)  
  32  2:47  Stargate  
  32  2:48  Probe (Chrono Boost)  
  32  2:50  Probe (Chrono Boost)  
  33  2:55  Probe x2 (Chrono Boost)  
  34  3:03  Gateway  
  34  3:07  Probe x2  
  36  3:19  Probe x2  
  38  3:28  Oracle (Chrono Boost)  
  38  3:31  Probe x2  
  38  3:33  Pylon  
  43  3:40  Shield Battery  
  45  3:43  Probe  
  46  3:51  Probe  
  46  3:52  Void Ray  
  46  3:55  Probe  
  48  3:56  Pylon  
  50  4:08  Probe  
  50  4:09  Nexus  
  51  4:10  Pylon  
  51  4:12  Probe  
  51  4:16  Adept x2  
  56  4:22  Probe  
  56  4:23  Twilight Council  
  57  4:25  Probe  
  58  4:35  Gateway, Probe  
  58  4:37  Gateway  
  59  4:42  Pylon, Probe  
  59  4:43  Adept  
  59  4:44  Adept  
  64  4:51  Probe  
  65  4:54  Pylon, Probe  
  65  4:56  Assimilator, Resonating Glaives (Chrono Boost)  
  65  4:57  Assimilator  
  66  5:03  Probe  
  66  5:05  Adept  
  66  5:06  Probe  
  70  5:07  Adept  
  72  5:15  Probe  
  72  5:18  Probe  
  72  5:21  Probe  
  75  5:24  Pylon  
  75  5:30  Adept x3  
  75  5:32  Adept  
  75  5:33  Probe  
  85  5:35  Probe  
  85  5:39  Probe  
  85  5:42  Pylon  
  86  5:46  Shield Battery, Probe  
  87  5:50  Probe  
  87  5:52  Adept x4  
  96  5:58  Probe  
  96  5:59  Stargate  
  96  6:03  Probe  
  98  6:06  Probe  
  98  6:07  Stargate  
  99  6:12  Probe  
  99  6:16  Probe  
  97  6:21  Probe  
  97  6:24  Adept x4  
  97  6:25  Probe  
  103  6:28  Assimilator, Probe  
  103  6:29  Assimilator  
  103  6:30  Phoenix  
  106  6:33  Pylon  
  106  6:40  Probe  
  107  6:51  Phoenix x2 (Chrono Boost)  
  111  6:56  Shield Battery  
  111  6:57  Shield Battery  
  111  6:59  Forge  
  113  7:02  Pylon  
  113  7:04  Pylon  
  113  7:08  Sentry x2  
  117  7:13  Charge  
  115  7:23  Templar Archives  
  111  7:30  Gateway  
  111  7:31  Gateway  
  111  7:34  Gateway x2  
  111  7:36  Void Ray x3 (Chrono Boost), Gateway  
  111  7:50  Photon Cannon  
  111  7:51  Pylon, Photon Cannon  
  121  8:07  High Templar  
  121  8:08  High Templar  
  121  8:12  Photon Cannon, Archon  
  123  8:13  Photon Cannon  
  123  8:14  Pylon  
  117  8:27  Adept x4  
  117  8:30  Adept x2  
  125  8:39  Adept  
  105  8:44  Adept  
  105  8:48  Adept x4  
  96  8:51  Adept  
  96  8:52  Adept  
  94  9:00  Adept  

Tags
 
Add a new tag
Caveats
  • Supply blocks, unpowered buildings, or Contaminate may cause inaccurate times.
  • Supply counts are checked every 10 seconds.